 Dungeon Crawl Stone Soup version 0.28-a0-1613-gdaab1c2f9b (webtiles) character file.

Game seed: 2502981416183821730

9981 oldriver the Covert (level 11, -11/71 HPs)
             Began as a Kobold Hunter on Jan 21, 2022.
             Was a Priest of Dithmenos.
             Mangled by an ice beast (12 damage)
             ... summoned by Fannar
             ... on level 2 of the Lair of Beasts.
             The game lasted 00:20:23 (14617 turns).

oldriver the Covert (Kobold Hunter)                Turns: 14617, Time: 00:20:23

Health: -11/71     AC: 11    Str: 10    XL:     11   Next: 84%
Magic:  20/20      EV: 23    Int: 12    God:    Dithmenos [***...]
Gold:   392        SH:  9    Dex: 20    Spells: 10/10 levels left

rFire   . . .      SeeInvis .   a - +1 hand crossbow
rCold   . . .      Faith    .   M - +0 kite shield
rNeg    . . .      Spirit   .   j - +2 animal skin
rPois   +          Reflect  .   n - +2 helmet
rElec   .          Harm     .   w - +1 cloak {rPois}
rCorr   .          Rampage  .   K - +0 pair of gloves
Will    .....                   t - +0 pair of boots
Stlth   ++++++++++              u - amulet of regeneration
HPRegen 1.01/turn               f - +4 ring of evasion
MPRegen 0.17/turn               g - ring of magical power

@: wreathed by umbra
A: small, no large weapons, nightstalker 3
a: Renounce Religion, Shadow Step


You were on level 2 of the Lair of Beasts.
You worshipped Dithmenos.
Dithmenos was most pleased with you.
You visited 3 branches of the dungeon, and saw 13 of its levels.
You also visited: Sewer.

You collected 572 gold pieces.
You spent 180 gold pieces at shops.

Inventory:

Hand Weapons
 a - a +1 hand crossbow (weapon)
 b - a +4 rapier of holy wrath
 p - a +0 short sword of venom
 J - the +5 hunting sling of the Final Decision {venom, rF+}
   (You found it on level 9 of the Dungeon)

   Any ammunition fired from it poisons the flesh of those it strikes.
   rF:        It protects you from fire.
Missiles
 d - 101 bolts (quivered ammo)
 F - a throwing net
Armour
 j - a +2 animal skin (worn)
 n - a +2 helmet (worn)
 t - a +0 pair of boots (worn)
 w - a +1 cloak of poison resistance (worn)
 B - a scarf of shadows
 K - a +0 pair of gloves (worn)
 M - a +0 kite shield (worn)
Jewellery
 f - a +4 ring of evasion (left hand)
 g - a ring of magical power (right hand)
 u - an amulet of regeneration (around neck)
 z - a ring of positive energy
 C - an amulet of reflection
 H - an amulet of guardian spirit
 I - a +6 ring of dexterity
 L - a ring of flight
Wands
 i - a wand of flame (44)
 D - a wand of mindburst (14)
Scrolls
 e - 3 scrolls of immolation
 m - 4 scrolls of amnesia
 s - 2 scrolls of magic mapping
 y - 7 scrolls of identify
 E - 2 scrolls of holy word
Potions
 c - a potion of might {unknown}
 h - 4 potions of curing
 k - 2 potions of degeneration
 l - 3 potions of attraction
 o - 2 potions of brilliance
 q - a potion of ambrosia
 v - 2 potions of berserk rage
 x - 4 potions of mutation
 A - 4 potions of flight
 G - a potion of magic {unknown}


   Skills:
 + Level 9.2 Fighting
 + Level 10.1 Short Blades
 + Level 7.2 Crossbows
 + Level 10.1 Dodging
 + Level 14.4 Stealth
 + Level 0.5 Shields
 + Level 0.0 Evocations


You had 10 spell levels left.
You didn't know any spells.
Your spell library contained the following spells:

 Spells                   Type           Power      Damage    Failure   Level
 Animate Skeleton         Necr           0%         N/A       90%         1
 Apportation              Tloc           0%         N/A       90%         1
 Summon Small Mammal      Summ           0%         N/A       90%         1
 Ensorcelled Hibernation  Hex/Ice        0%         N/A       97%         2
 Passwall                 Tmut/Erth      0%         N/A       97%         2
 Call Canine Familiar     Summ           0%         N/A       99%         3
 Summon Guardian Golem    Hex/Summ       0%         N/A       99%         3
 Swiftness                Air            0%         N/A       99%         3


Dungeon Overview and Level Annotations

Branches:
Dungeon (10/15)            Temple (1/1) D:7            Lair (2/6) D:9
 Spider (0/4) Lair:2          Orc (0/2) D:9           Sewer (visited)
  Swamp: Lair:2-4    Shoals: Lair:2-4

Altars:
Ashenzari
Cheibriados
Dithmenos
Elyvilon
Fedhas
Gozag
Hepliaklqana
Kikubaaqudgha
Makhleb
Nemelex Xobeh
Okawaru
Qazlal
Ru
Sif Muna
Trog
Uskayaw
Vehumet
Wu Jian
Xom
Yredelemnul
Zin
The Shining One

Shops:
D:4 [?

Annotations:
D:5 3 runed translucent doors, YayAnonymity's ghost, weakling DsDe
D:6 1 runed translucent door, Balder's ghost, novice MiFi
D:10 Urug
Lair:2 1 runed translucent door, Fannar


Innate Abilities, Weirdness & Mutations

You are small and have problems with some larger weapons.
You are completely attuned to the shadows.


Message History

You shoot a bolt.
The bolt hits Fannar but does no damage.
Fannar is heavily wounded.
You block Fannar's attack. The ice beast closely misses you.
Aiming: Mindburst
Press: ? - help, Shift-Dir - straight line, f/p - Fannar
Aim: Fannar, wielding a +0 quarterstaff of freezing, wearing a +2 robe of cold resistance and wearing a ring of ice (heavily wounded, umbra, chance to affect: 16%) Fannar's mind is blasted!
The ice beast closely misses you. You block the ice beast's attack.
Fannar mumbles some strange words.
Fannar drains the heat from the surrounding environment!
* * * LOW HITPOINT WARNING * * *
Aiming: Mindburst
Press: ? - help, Shift-Dir - straight line, f/p - Fannar
Aim: Fannar, wielding a +0 quarterstaff of freezing, wearing a +2 robe of cold resistance and wearing a ring of ice (severely wounded, umbra, chance to affect: 16%) Fannar resists with almost no effort.
The ice beast misses you. The ice beast barely misses you.
You block the ice beast's attack. Fannar closely misses you.
Okay, then.
Aiming: Mindburst
Press: ? - help, Shift-Dir - straight line, f/p - Fannar
Aim: Fannar, wielding a +0 quarterstaff of freezing, wearing a +2 robe of cold resistance and wearing a ring of ice (severely wounded, umbra, chance to affect: 16%) Fannar resists with almost no effort.
You block the ice beast's attack. The ice beast misses you. x2
Fannar hits you with a +0 quarterstaff of freezing.
* * * LOW HITPOINT WARNING * * *
Fannar freezes you.
* * * LOW HITPOINT WARNING * * *
Aiming: Mindburst
Press: ? - help, Shift-Dir - straight line, f/p - Fannar
Aim: Fannar, wielding a +0 quarterstaff of freezing, wearing a +2 robe of cold resistance and wearing a ring of ice (severely wounded, umbra, chance to affect: 16%) Fannar resists with almost no effort.
The ice beast closely misses you.
The ice beast misses you. x2; You block Fannar's attack.
Aiming: Mindburst
Press: ? - help, Shift-Dir - straight line, f/p - Fannar
Aim: Fannar, wielding a +0 quarterstaff of freezing, wearing a +2 robe of cold resistance and wearing a ring of ice (severely wounded, umbra, chance to affect: 16%) Fannar resists with almost no effort.
The ice beast hits you.
* * * LOW HITPOINT WARNING * * *
The ice beast freezes you!
You die...

..P.###.P ..####+#'###.
.......................
.......................
.<.....................
.......................
.#..#..................
........^^^^...........
.##...^^^^^...^Y......
.#P....^^^$....Y@###..
.#...^^.^..^...eY#
.P.....^^^.^^^..(.
.......^.^>........
.P#......^.^^^(.(...
.###.^^.. ....^.
.###..^^. ...^.#####..
......... ^.^..##P....
......... .............


You could see Fannar and 3 ice beasts.

Vanquished Creatures
  A death yak (Lair:1)
  A black mamba (Lair:2)
  2 cane toads
  A komodo dragon (Lair:1)
  A hornet (D:7)
  Sigmund (D:4)
  3 wyverns
  Eustachio (D:4)
  A steam dragon (D:10)
  Menkaure (D:4)
  3 wargs
  3 water moccasins
  A black bear (D:6)
  3 orc warriors
  2 necrophages
  31 wolves
  5 centaurs
  2 kobold brigands
  6 bullfrogs
  A wyvern zombie (D:6)
  A gnoll sergeant (D:6)
  3 scorpions
  A water moccasin skeleton (D:5)
  22 killer bees
  2 howler monkeys (D:8)
  An electric eel (Lair:1)
  2 centaur zombies (D:9)
  2 jellies (D:6)
  2 hounds
  4 orc priests
  Crazy Yiuf (D:3)
  A centaur skeleton (D:6)
  A bullfrog skeleton (D:6)
  8 orc wizards
  3 iguanas
  A killer bee zombie (D:6)
  2 hound skeletons (D:4)
  Robin (D:2)
  A howler monkey zombie (D:9)
  4 gnolls (D:6)
  10 adders
  7 river rats
  3 white imps
  An ufetubus (D:7)
  An adder skeleton (D:5)
  3 worms
  6 dart slugs
  21 orcs
  16 ball pythons
  7 endoplasms
  6 giant cockroaches
  7 hobgoblins
  5 jackals
  23 kobolds
  5 quokkas
  15 bats
  4 frilled lizards
  18 goblins
  15 rats
306 creatures vanquished.

Vanquished Creatures (collateral kills)
  An endoplasm (D:2)
1 creature vanquished.

Vanquished Creatures (others)
  11 fungi
  12 plants
23 creatures vanquished.

Grand Total: 330 creatures vanquished

Notes
Turn   | Place    | Note
-------+----------+-------------------------------------------
     0 | D:1      | oldriver the Kobold Hunter began the quest for the Orb.
     0 | D:1      | Reached XP level 1. HP: 12/12 MP: 1/1
   235 | D:1      | Reached skill level 1 in Short Blades
   235 | D:1      | Reached skill level 2 in Stealth
   245 | D:1      | Reached XP level 2. HP: 13/17 MP: 2/2
   769 | D:1      | Reached XP level 3. HP: 18/21 MP: 3/3
   774 | D:1      | Reached skill level 3 in Stealth
   941 | D:1      | Found a faded altar of an unknown god.
  1928 | D:2      | Reached XP level 4. HP: 14/26 MP: 4/4
  2112 | D:2      | You fall into a shaft and drop 2 floors!
  2306 | D:4      | Found Konik's Magic Scroll Shop.
  2312 | D:4      | Bought a scroll of identify for 24 gold pieces
  2595 | D:2      | Reached skill level 4 in Stealth
  3494 | D:3      | Noticed Robin
  3621 | D:2      | Killed Robin
  3622 | D:2      | Reached XP level 5. HP: 24/30 MP: 5/5
  3966 | D:3      | Found a runed translucent door.
  4394 | D:3      | Reached skill level 5 in Stealth
  4898 | D:3      | Noticed Crazy Yiuf
  4904 | D:3      | Killed Crazy Yiuf
  5050 | D:4      | Found a radiant altar of Vehumet.
  5077 | D:4      | Noticed Sigmund
  5080 | D:4      | Killed Sigmund
  5081 | D:4      | Reached skill level 5 in Short Blades
  5081 | D:4      | Reached skill level 6 in Stealth
  5081 | D:4      | Reached XP level 6. HP: 36/36 MP: 6/6
  5208 | D:4      | Noticed Eustachio
  5213 | D:4      | Killed Eustachio
  5214 | D:4      | Reached XP level 7. HP: 42/42 MP: 7/7
  5253 | D:4      | Found a snail-covered altar of Cheibriados.
  5274 | D:4      | Noticed Menkaure
  5282 | D:4      | Killed Menkaure
  5283 | D:4      | Reached skill level 7 in Stealth
  5469 | D:4      | Reached XP level 8. HP: 42/48 MP: 8/8
  5565 | D:4      | Found Qoifoh's Armour Shop.
  5570 | D:4      | Bought a +0 cloak of poison resistance for 102 gold pieces
  5765 | D:5      | Entered Level 5 of the Dungeon
  5847 | D:5      | Found a glowing drain.
  5887 | D:5      | Reached skill level 5 in Dodging
  5888 | Sewer    | Entered a sewer
  6098 | Sewer    | Reached skill level 8 in Stealth
  6528 | D:5      | Found an iron altar of Okawaru.
  6548 | D:5      | Found a runed translucent gate.
  6549 | D:5      | Found a runed translucent gate.
  6550 | D:5      | Found a runed translucent gate.
  6572 | D:5      | Reached skill level 5 in Fighting
  7181 | D:5      | Found a sacrificial altar of Ru.
  7265 | D:5      | Identified the +1 whip "Gueqodd" {protect, +Blink Will-
                  | rCorr SInv}
  7266 | D:5      | Noticed YayAnonymity's ghost (weakling DsDe)
  7632 | D:6      | Reached skill level 9 in Stealth
  8142 | D:6      | Noticed a moth of wrath
  8145 | D:6      | Found a bloodstained altar of Trog.
  8490 | D:6      | Reached XP level 9. HP: 54/54 MP: 9/9
  8531 | D:6      | Reached skill level 10 in Stealth
  8780 | D:6      | Noticed Balder's ghost (novice MiFi)
  8790 | D:6      | Found a runed translucent door.
  9277 | D:7      | Found a staircase to the Ecumenical Temple.
  9302 | Temple   | Entered the Ecumenical Temple
  9408 | Temple   | Became a worshipper of Dithmenos the Shadowed
  9445 | D:7      | Found a hide-covered altar of Uskayaw.
  9643 | D:7      | Reached skill level 11 in Stealth
  9738 | D:7      | Noticed a hornet
  9741 | D:7      | Killed a hornet
 10199 | D:7      | Reached XP level 10. HP: 59/60 MP: 10/10
 10452 | D:8      | Reached * piety under Dithmenos
 10926 | D:9      | Reached skill level 12 in Stealth
 11111 | D:9      | Found a glowing golden altar of the Shining One.
 11151 | D:9      | Reached ** piety under Dithmenos
 11220 | D:9      | Identified the +5 hunting sling of the Final Decision
                  | {venom, rF+}
 11280 | D:9      | Found a staircase to the Lair.
 11857 | D:8      | Reached skill level 10 in Dodging
 12146 | D:9      | Noticed a two-headed ogre
 12264 | D:9      | Found a shimmering blue altar of Sif Muna.
 12287 | D:9      | Found a staircase to the Orcish Mines.
 12573 | D:9      | Reached skill level 13 in Stealth
 12609 | D:10     | Entered Level 10 of the Dungeon
 12618 | D:10     | Noticed Urug
 12649 | D:10     | Noticed a five-headed hydra
 12652 | D:10     | Reached XP level 11. HP: 68/68 MP: 11/11
 12697 | Lair:1   | Entered Level 1 of the Lair of Beasts
 12701 | Lair:1   | Reached skill level 5 in Crossbows
 12936 | Lair:1   | Reached *** piety under Dithmenos
 12983 | Lair:1   | Noticed a death yak
 13309 | Lair:1   | Reached skill level 10 in Short Blades
 13309 | Lair:1   | Reached skill level 14 in Stealth
 13721 | Lair:1   | Killed a death yak
 14225 | D:4      | Bought a +0 pair of boots for 54 gold pieces
 14389 | Lair:2   | Noticed Fannar
 14411 | Lair:2   | Found a runed translucent door.
 14546 | Lair:2   | Found a hole to the Spider Nest.
 14615 | Lair:2   | HP: 3/71 [Fannar (1)]
 14617 | Lair:2   | HP: 1/71 [ice beast[Fannar] (4)]
 14617 | Lair:2   | Mangled by an ice beast

Illustrated notes

Levels and vault maps discovered:
D:1:      wander_arrival_lonely_grave, layout_rooms,
          ebering_ecumenical_altar_rust
D:2:      layout_basic, minmay_small_reverse_x
D:3:      layout_loops_corners, uniq_crazy_yiuf_cottage, uniq_robin
D:4:      layout_rooms, mainiacjoe_overflow_boulevard, kennysheep_mini_moat,
          serial_shops, nicolae_shop_trees, nicolae_stop_n_shop_2, uniq_sigmund,
          uniq_menkaure, uniq_eustachio
D:5:      layout_basic, nicolae_ru_the_path_less_chosen,
          nicolae_overflow_crystal_walls, portal_sewer_entry_b,
          biasface_ghost_orc_armoury
D:6:      layout_layer_cave, tgw_trog, hellmonk_ghost_happy_afterlife,
          serial_park_tiny_pond, minmay_pentangle
D:7:      layout_basic, nicolae_uskayaw_murder_on_the_dancefloor,
          minmay_temple_entry_sparse_star
D:8:      layout_rooms
D:9:      layout_small_grid, nicolae_overflow_hidden_temple, tso_oasis_becter,
          erik_lair_orcish_takeover, david_orc_2, grunt_ministairs_4
D:10:     layout_long_grid, uniq_joseph, uniq_grum, uniq_urug
Temple:   zaba_magenta_temple
Lair:1:   layout_roguey, grunt_forest_large_clearings, serial_bayou_shore_b
Lair:2:   layout_regular_city, minmay_shoals_entry_lonely_mermaid,
          spider_nest_entry_web_field, ebering_ghost_reflecting_pool,
          uniq_fannar

Skill      XL: |  1  2  3  4  5  6  7  8  9 10 11 |
---------------+----------------------------------+-----
Short Blades   | 1 2 3 5 6 8 10 | 10.1
Stealth        | 2 3 4 6 7 9 11 13 14 | 14.4
Dodging        | 3 4 6 8 10 | 10.1
Fighting       | 3 4 5 6 7 9 |  9.2
Crossbows      | 7 |  7.2
Shields        | |  0.5

Action                   |  1- 3 |  4- 6 |  7- 9 | 10-12 || total
-------------------------+-------+-------+-------+-------++-------
Melee: Short sword       |   109 |    73 |       |       ||   182
       Punch             |     1 |     1 |     5 |     6 ||    13
       Rapier            |       |    98 |   306 |   526 ||   930
 Fire: Hand crossbow     |     1 |     1 |    26 |    62 ||    90
Evoke: Wand              |       |       |       |     6 ||     6
  Use: Scroll            |       |     6 |    15 |     3 ||    24
       Potion            |       |       |       |     2 ||     2
 Stab: Sleeping          |    14 |    20 |    35 |    31 ||   100
       Distracted        |       |     1 |     1 |     8 ||    10
Armor: Leather armour    |    17 |    14 |       |       ||    31
       Animal skin       |       |    15 |    77 |    90 ||   182
Dodge: Dodged            |    88 |   119 |   344 |   954 ||  1505
Block: Kite shield       |       |       |       |    27 ||    27

Table legend: (Time is in decaauts)
 A = Elapsed time spent in this place.
 B = Non-inter-level travel time spent in this place.
 C = Inter-level travel time spent in this place.
 D = Time resting spent in this place.
 E = Time spent auto-exploring this place.
 F = Levels seen in this place.
 G = Mean time per level.
                   A        B        C        D        E       F      G
               +--------+--------+--------+--------+--------+-----+--------+
         Total |  14707 |  13830 |    877 |   2591 |   8002 |  14 | 1050.5 |
       Dungeon |  12272 |  11509 |    763 |   2450 |   6761 |  10 | 1227.2 |
        Temple |    123 |     85 |     38 |      0 |     76 |   1 |  123.0 |
          Lair |   1523 |   1447 |     76 |    141 |    780 |   2 |  761.5 |
         Sewer |    789 |    789 |      0 |      0 |    385 |   1 |  789.0 |
               +--------+--------+--------+--------+--------+-----+--------+

Top non-repeatable levels by time:
     D:6: 1969 daAuts
     D:2: 1807 daAuts
     D:1: 1593 daAuts
     D:3: 1372 daAuts
  Lair:1: 1272 daAuts
     D:9: 1246 daAuts
     D:8: 1223 daAuts
     D:5: 1021 daAuts
     D:4: 1007 daAuts
     D:7: 1001 daAuts
   Sewer: 789 daAuts
  Lair:2: 250 daAuts
  Temple: 123 daAuts
    D:10: 29 daAuts
